Map: Odyssey LE

Players

SnXeR

  • Race: Terran Terran
  • Spawn Location: 5:00

Viniter - Winner!

  • Race: Protoss Protoss
  • League: Silver
  • Spawn Location: 11:00

VOD

Have the link to the VOD?

Description

Time

  • Played on: Nov. 23, 2017, 2:46 p.m.
  • Length: 13:23
Show
View Real Time Build Order
Export as new Build Order

SnXeR Terran 

Build Orders: MMM Bio 

Get SALT Encoding   

  12  0:01  SCV  
  13  0:17  Supply Depot  
  13  0:19  SCV  
  14  0:26  Refinery  
  14  0:41  Barracks  
  14  0:43  SCV  
  15  0:56  SCV  
  16  1:08  SCV  
  17  1:20  SCV  
  18  1:28  Barracks Tech Lab  
  18  1:32  SCV  
  19  1:37  Barracks  
  19  1:46  Marine  
  20  2:19  Marine  
  20  2:22  Stimpack  
  21  2:26  Barracks  
  21  2:37  SCV, Marine  
  23  2:48  Refinery  
  23  2:49  Barracks Reactor  
  23  3:08  Supply Depot  
  23  3:14  Barracks  
  23  3:30  Marine  
  23  3:31  Supply Depot  
  23  3:32  Engineering Bay  
  24  3:38  Barracks Reactor  
  24  3:47  Marine  
  25  3:54  Supply Depot  
  25  4:09  Factory  
  25  4:32  Command Center  
  25  4:34  Marine  
  25  4:38  Barracks Reactor  
  26  4:46  Terran Infantry Weapons Level 1  
  26  4:52  Marine, Factory  
  27  5:00  Marine  
  27  5:01  Marine x3  
  31  5:14  SCV  
  32  5:23  Marine x3  
  32  5:26  SCV  
  36  5:38  SCV  
  37  5:48  Factory Tech Lab x2  
  37  5:59  Combat Shields  
  37  6:00  Starport  
  37  6:04  Marine x5  
  42  6:29  Supply Depot  
  42  6:49  Marine x3  
  42  6:50  Marine x3  
  42  6:51  Supply Depot  
  44  7:01  Marine  
  45  7:07  Marine x2  
  45  7:08  SCV  
  48  7:14  Supply Depot  
  48  7:18  Starport Reactor  
  48  7:20  SCV  
  49  7:32  SCV  
  50  7:41  Siege Tank x2  
  56  7:44  SCV  
  57  7:56  SCV, Terran Infantry Armor Level 1  
  58  8:01  Medivac  
  60  8:08  SCV  
  61  8:14  Medivac  
  63  8:20  SCV  
  63  8:26  Marine x6  
  70  8:33  SCV  
  71  8:35  Marine  
  71  8:44  Marine  
  71  8:45  SCV  
  70  8:57  SCV  
  61  9:30  Medivac  
  63  9:32  Marine x6  
  63  9:33  Marine  
  71  9:38  SCV  
  71  9:49  Supply Depot, Marine  
  71  9:50  Marine x6  
  78  10:07  SCV, Marine x2  
  78  10:08  Marine x5  
  78  10:13  Supply Depot  
  86  10:25  Marine  
  87  10:28  Marine x3  
  87  10:29  Marine x3  
  91  10:43  Marine  
  91  10:45  Viking  
  91  10:46  Marine x2  
  95  11:09  Viking  
  79  11:32  Marine x3  
  69  11:33  Marine x4  
  39  11:50  Marine x4  
  39  11:51  Marine x3  
  46  12:08  Marine x5  
  45  12:09  Marine x2  
  45  12:11  Viking  
  45  12:12  Viking  
  55  12:25  Refinery  
  55  12:26  Marine x6  
  55  12:27  SCV, Marine  
  55  12:28  Refinery  
  55  12:29  SCV  
  64  12:39  SCV  
  64  12:43  Marine  
  64  12:44  Marine x6  
  66  12:46  Viking  
  74  12:52  SCV, Viking  
  77  13:01  Marine x2  
  77  13:02  Marine x5  
  77  13:04  SCV  
Show
View Real Time Build Order
Export as new Build Order

Viniter Protoss - Winner!

Build Orders:  

Get SALT Encoding   

  12  0:01  Probe  
  13  0:13  Probe  
  14  0:23  Pylon  
  14  0:26  Probe  
  15  0:41  Probe  
  15  0:42  Gateway  
  16  0:52  Pylon  
  16  0:53  Probe  
  17  1:00  Assimilator  
  17  1:17  Probe  
  18  1:29  Probe  
  19  1:42  Assimilator  
  19  1:45  Probe  
  19  1:46  Cybernetics Core  
  20  1:51  Zealot  
  22  1:57  Probe  
  23  2:02  Gateway  
  23  2:09  Probe  
  24  2:21  Probe  
  24  2:26  Warp Gate (Chrono Boost)  
  24  2:27  Stalker (Chrono Boost)  
  26  2:33  Probe  
  27  2:41  Pylon  
  27  2:44  Shield Battery  
  27  2:45  Probe  
  27  2:48  Stalker  
  30  2:57  Probe  
  31  2:59  Stalker  
  33  3:09  Probe  
  33  3:12  Pylon  
  34  3:32  Twilight Council  
  34  3:39  Pylon, Probe  
  35  3:51  Probe  
  36  3:58  Nexus  
  36  4:04  Probe  
  37  4:16  Probe  
  38  4:19  Blink (Chrono Boost)  
  38  4:27  Robotics Facility  
  38  4:28  Probe  
  38  4:29  Sentry  
  38  4:30  Sentry  
  43  4:40  Probe  
  44  4:52  Probe  
  45  4:59  Pylon  
  45  5:01  Stalker x2  
  45  5:04  Probe  
  50  5:14  Shield Battery  
  50  5:15  Probe (Chrono Boost)  
  50  5:20  Forge  
  50  5:21  Assimilator  
  52  5:26  Probe (Chrono Boost)  
  52  5:27  Stalker, Probe (Chrono Boost)  
  55  5:29  Sentry  
  57  5:52  Stalker  
  57  5:55  Stalker  
  61  6:01  Observer  
  62  6:10  Protoss Ground Weapons Level 1 (Chrono Boost)  
  62  6:17  Adept  
  64  6:19  Robotics Bay  
  64  6:21  Warp Prism  
  64  6:22  Adept  
  68  6:29  Assimilator  
  69  6:40  Probe (Chrono Boost)  
  69  6:41  Probe (Chrono Boost)  
  70  6:49  Stalker x2  
  70  6:51  Probe x2 (Chrono Boost)  
  77  6:54  Probe x2  
  77  6:56  Gateway  
  77  6:59  Gateway  
  78  7:28  Pylon  
  78  7:31  Extended Thermal Lance (Chrono Boost), Pylon  
  78  7:36  Pylon  
  78  7:46  Colossus, Probe x2  
  86  7:53  Sentry x2  
  90  7:58  Probe x2  
  90  8:00  Nexus  
  90  8:01  Pylon  
  90  8:04  Pylon  
  92  8:11  Probe x2  
  94  8:17  Stalker  
  94  8:18  Stalker x2  
  100  8:20  Stalker  
  100  8:23  Probe x2  
  104  8:35  Probe  
  104  8:39  Colossus  
  109  9:05  Stalker  
  109  9:06  Stalker x3  
  101  9:31  Probe  
  101  9:32  Probe  
  101  9:34  Probe  
  104  9:43  Probe  
  104  9:44  Probe  
  104  9:45  Protoss Ground Weapons Level 2 (Chrono Boost)  
  106  9:46  Probe, Assimilator  
  106  9:48  Colossus (Chrono Boost), Assimilator  
  106  9:52  Charge  
  113  9:56  Probe x2  
  113  9:57  Adept x4  
  113  9:58  Probe  
  124  10:08  Probe x2  
  124  10:10  Probe  
  127  10:21  Pylon  
  127  10:22  Pylon x2  
  127  10:23  Probe  
  127  10:26  Gateway x2  
  128  10:36  Colossus  
  128  10:40  Stalker x2  
  128  10:41  Stalker x2  
  136  10:49  Probe x3  
  139  11:01  Probe x3  
  142  11:10  Stalker x4  
  150  11:13  Probe x3  
  151  11:25  Probe x3  
  140  11:29  Colossus  
  136  11:37  Probe x3  
  115  11:55  Stalker x2  
  115  11:56  Stalker x2  
  123  12:09  Stalker x2  
  127  12:42  Nexus  
  127  12:43  Pylon x2  
  127  12:44  Stalker x4  
  127  12:45  Pylon x3, Stalker x2  
  127  12:46  Pylon  
  127  12:48  Pylon  
Tags
 
Composition
MMM Bio
League
Silver
Matchup
PvT
Spawn Locations
Cross Positions
Add a new tag
Caveats
  • Supply blocks, unpowered buildings, or Contaminate may cause inaccurate times.
  • Supply counts are checked every 10 seconds.